 Dungeon Crawl Stone Soup version 0.32-a0-886-g41c5271027 (webtiles) character file.

Game seed: 7922800945874266043

751 gruber the Cutter (level 7, -3/35 HPs)
             Began as a Vine Stalker Fighter on Apr 2, 2024.
             Slain by Gekot's ghost (11 damage)
             ... on level 5 of the Dungeon.
             The game lasted 00:04:42 (3126 turns).

gruber the Cutter (Vine Stalker Fighter)            Turns: 3126, Time: 00:04:42

Health: -3/35      AC:  7    Str: 19    XL:     7   Next: 78%
Magic:  0/8        EV:  9    Int:  8    God:
Gold:   200        SH:  4    Dex: 15    Spells: 6/6 levels left

rFire   . . .        y - +1 short sword (holy)
rCold   . . .        c - +0 buckler
rNeg    . . .        l - +0 ring mail {Will+}
rPois   +            r - +0 helmet
rElec   .            a - +0 cloak
rCorr   .            (no gloves)
SInv    .            (no boots)
Will    +....        u - amulet of magic regeneration
Stlth   +            b - ring of poison resistance
HPRegen 1.05/turn    (no ring)
MPRegen 0.51/turn

%: guardian spirit
@: mighty
A: fangs 2, regeneration 1, magic shield, antimagic bite, no potion heal 2
a: no special abilities


You were on level 5 of the Dungeon.
You visited 1 branch of the dungeon, and saw 5 of its levels.

You collected 200 gold pieces.

Inventory:

Hand Weapons
 y - a +1 short sword of holy wrath (weapon)
Armour
 a - a +0 cloak (worn)
 c - a +0 buckler (worn)
 l - a +0 ring mail of willpower (worn)
 r - a +0 helmet (worn)
Jewellery
 b - a ring of poison resistance (left hand)
 u - an amulet of magic regeneration (around neck)
Scrolls
 f - 3 scrolls of identify {unknown}
 g - 2 scrolls of noise {unknown}
 h - 4 scrolls of amnesia {unknown}
 i - 2 scrolls of immolation {unknown}
 m - a scroll of fog {unknown}
 o - a scroll of silence {unknown}
 p - 2 scrolls of enchant weapon {unknown}
 s - a scroll of teleportation {unknown}
 v - a scroll of brand weapon {unknown}
Potions
 d - 2 potions of might
 e - 2 potions of ambrosia {unknown}
 j - 3 potions of curing {unknown}
 k - a potion of brilliance {unknown}
 n - a potion of degeneration {unknown}
 q - a potion of haste {unknown}
 t - 2 potions of mutation {unknown}
 w - a potion of attraction {unknown}
 x - a potion of heal wounds {unknown}


   Skills:
 - Level 2.6 Fighting
 + Level 7.9 Short Blades
 - Level 2.4 Armour
 - Level 2.6 Shields


You had 6 spell levels left.
You didn't know any spells.
Your spell library contained the following spells:

 Spells                   Type           Power      Damage    Failure   Level
 Kiss of Death            Conj/Necr      0%         2d5       67%         1
 Sandblast                Erth           0%         2d4       67%         1
 Shock                    Conj/Air       0%         1d3       67%         1
 Confusing Touch          Hex            0%         N/A       95%         3
 Stone Arrow              Conj/Erth      0%         3d7       95%         3
 Swiftness                Air            0%         N/A       95%         3
 Airstrike                Air            0%         2d(0-16)  100%        4
 Brom's Barrelling Bould  Conj/Erth      0%         2d3       100%        4
 Dispel Undead            Necr           0%         3d6       100%        4


Dungeon Overview and Level Annotations

Branches:
Dungeon (5/15)             Temple (0/1) D:5

Altars:
Qazlal

Shops:
D:2 :

Annotations:
D:5 Gekot's ghost, novice GrFi


Innate Abilities, Weirdness & Mutations

You have extremely sharp teeth.
Your natural rate of healing is unusually fast.
When hurt, damage is shared between your health and your magic reserves.
Your bite disrupts and absorbs the magic of your enemies.
Potions cannot restore your health.


Message History

You kill the iguana!
No target in view!
No target in view!
Done exploring.
Done exploring.
Done exploring.
You climb downwards.
Level annotation: Gekot's ghost, novice GrFi Gekot's ghost hits you!
There is a stone staircase leading up, spattered with blood here.
Unknown command.
Unknown command.
You hit Gekot's ghost but do no damage. Gekot's ghost closely misses you.
You hit Gekot's ghost but do no damage.
You bite Gekot's ghost, but do no damage.
Gekot's ghost hits you!
You are too injured to fight recklessly!
You are too injured to fight recklessly!
You are too injured to fight recklessly!
You hit Gekot's ghost but do no damage. Your bite misses Gekot's ghost.
You hit Gekot's ghost but do no damage.
You bite Gekot's ghost, but do no damage.
Gekot's ghost barely misses you.
You hit Gekot's ghost but do no damage.
You bite Gekot's ghost, but do no damage.
You hit Gekot's ghost but do no damage. You bite Gekot's ghost.
You drain its power.
You feel invigorated.
Gekot's ghost is lightly damaged.
Gekot's ghost hits you!
* * * LOW HITPOINT WARNING * * *
You hit Gekot's ghost but do no damage. You bite Gekot's ghost.
You drain its power.
You feel invigorated.
Gekot's ghost is lightly damaged.
Gekot's ghost hits you.
* * * LOW HITPOINT WARNING * * *
You hit Gekot's ghost but do no damage.
Gekot's ghost is lightly damaged.
You feel very mighty all of a sudden. Gekot's ghost hits you!
You die...

..........#...##..##...##'#.≈.≈≈§
######........#..........>..≈.§..
....##.W.÷....#.............≈.≈._
....'....##...##............≈.§..
....##...#######............≈.≈≈≈
....##...##.W...)...........≈....
..............##'#####'####.≈≈≈≈≈
..............##W.####.###.......
###.#..#####..##@....#..#...#....
#####..#######.....#..#...#....
#.....# #.....##..##..#....
#.....# #.....##'###.>#####
#.....# ##....##..#...##..#
##.....# ##....##..#........
####..###.# #.........'.....>..
#....## ### #.........#...##..#
#.#### ##..####..###'##..#


You could see Gekot's ghost.

Vanquished Creatures
  2 phantoms
  2 scorpions
  4 orc priests (D:5)
  2 hounds
  A gnoll bouda (D:5)
  An iguana (D:4)
  2 orc wizards
  5 gnolls (D:5)
  6 adders
  2 white imps (D:5)
  3 dart slugs
  2 ribbon worms
  8 orcs
  10 endoplasms
  A giant cockroach (D:2)
  6 goblins
  3 hobgoblins (D:2)
  9 kobolds
  2 quokkas
  4 ball pythons
  7 bats
  3 frilled lizards
  6 rats
91 creatures vanquished.

Notes
Turn   | Place    | Note
-------+----------+-------------------------------------------
     0 | D:1      | gruber the Vine Stalker Fighter began the quest for the
                  | Orb.
     0 | D:1      | Reached XP level 1. HP: 11/11 MP: 2/2
     1 | D:1      | You fall into a shaft and drop 1 floor!
    30 | D:2      | Reached skill level 2 in Short Blades
    35 | D:2      | Reached XP level 2. HP: 10/16 MP: 1/3
   177 | D:1      | Reached skill level 3 in Short Blades
   177 | D:1      | Reached XP level 3. HP: 11/19 MP: 1/4
   713 | D:2      | Found Vingu's Vocational Training.
   787 | D:2      | Reached XP level 4. HP: 23/23 MP: 5/5
  1013 | D:3      | Reached skill level 4 in Short Blades
  1200 | D:3      | Reached XP level 5. HP: 24/27 MP: 6/6
  1765 | D:4      | Noticed a phantom
  1812 | D:4      | Reached skill level 5 in Short Blades
  1824 | D:4      | Killed a phantom
  1825 | D:4      | Reached XP level 6. HP: 32/32 MP: 5/7
  2177 | D:5      | Entered Level 5 of the Dungeon
  2214 | D:5      | Reached skill level 6 in Short Blades
  2269 | D:5      | Found a runed translucent gate.
  2270 | D:5      | Found a runed translucent gate.
  2270 | D:5      | Found a runed translucent gate.
  2289 | D:5      | Noticed Gekot's ghost (novice GrFi)
  2355 | D:5      | Reached XP level 7. HP: 33/35 MP: 8/8
  2456 | D:5      | Found a staircase to the Ecumenical Temple.
  2544 | D:5      | Reached skill level 7 in Short Blades
  2676 | D:5      | Found a stormy altar of Qazlal.
  3126 | D:5      | Slain by Gekot's ghost

Illustrated notes

Levels and vault maps discovered:
D:1:      minmay_arrival_five_plusses, layout_rooms, grunt_decor_arrowhead
D:2:      layout_basic, nicolae_shop_vocational
D:3:      layout_rooms, kennysheep_generic_room_16
D:4:      layout_gridville
D:5:      layout_gridville, mainiacjoe_overflow_concentric_impassable,
          minmay_temple_entry_antechambers, gammafunk_ghost_split,
          grunt_decor_mini_mirrors, serial_library_hellmonk_open_cross,
          nicolae_figureground_sparkle

Skill      XL: |  1  2  3  4  5  6  7 |
---------------+----------------------+-----
Short Blades   | 2 3 4 5 6 7 |  7.9
Fighting       | |  2.6
Armour         | |  2.4
Shields        | |  2.6

Action                     |  1- 3 |  4- 6 |  7- 9 || total
---------------------------+-------+-------+-------++-------
  Melee: Rapier            |   113 |   215 |    30 ||   358
         Bite              |    21 |    59 |    49 ||   129
         Short sword       |       |       |   106 ||   106
    Use: Potion            |       |       |     1 ||     1
 Armour: Scale mail        |    70 |       |       ||    70
         Ring mail         |     8 |   134 |    67 ||   209
  Dodge: Dodged            |    29 |    80 |    37 ||   146
  Block: Buckler           |    24 |    35 |    18 ||    77

Table legend: (Time is in decaauts)
 A = Elapsed time spent in this place.
 B = Non-inter-level travel time spent in this place.
 C = Inter-level travel time spent in this place.
 D = Time resting spent in this place.
 E = Time spent auto-exploring this place.
 F = Levels seen in this place.
 G = Mean time per level.
                   A        B        C        D        E       F      G
               +--------+--------+--------+--------+--------+-----+--------+
         Total |   3090 |   2947 |    143 |      0 |   2021 |   5 |  618.0 |
       Dungeon |   3090 |   2947 |    143 |      0 |   2021 |   5 |  618.0 |
               +--------+--------+--------+--------+--------+-----+--------+

Top non-repeatable levels by time:
     D:5: 899 daAuts
     D:3: 635 daAuts
     D:4: 556 daAuts
     D:1: 505 daAuts
     D:2: 493 daAuts
